 Dungeon Crawl Stone Soup version 0.18-a0-816-g97f838e (webtiles) character file.

205 M4edhros the Sneak (level 5, 0/33 HPs)
             Began as an Octopode Artificer on Dec 15, 2015.
             Succumbed to a scorpion's poison
             ... on level 5 of the Dungeon.
             The game lasted 00:02:57 (1787 turns).

M4edhros the Sneak (Octopode Artificer)             Turns: 1787, Time: 00:02:57

Health: 0/33       AC:  1    Str: 13      XL:     5   Next: 83%
Magic:  8/8        EV: 12    Int: 12 (15) God:
Gold:   133        SH:  0    Dex: 12      Spells: 0 memorised, 4 levels left

rFire  . . .     SeeInvis .     a - +0 short sword
rCold  . . .     Clarity  .     (no shield)
rNeg   . . .     SustAt   .     (helmet restricted)
rPois  .         Gourm    .     (no amulet)
rElec  .         Spirit   .     l - +2 ring of strength
rCorr  .         Dismiss  .     (no ring)
rMut   .         Stasis   .     (no ring)
MR     .....                    (no ring)
Stlth  ++++......               (no ring)
                                (no ring)
                                (no ring)
                                (no ring)

@: lethally poisoned (0 -> -11), exhausted, slowed, very slow, not resistant to
hostile enchantments, stealthy
A: almost no armour, amphibious, 8 rings, constrict 8, camouflage 1, gelatinous
body 1
a: no special abilities


You were on level 5 of the Dungeon.
You were hungry.

You visited 1 branch of the dungeon, and saw 5 of its levels.

You collected 133 gold pieces.

Inventory:

Hand Weapons
 a - a +0 short sword (weapon)
Missiles
 e - 70 stones (quivered)
 m - 18 sling bullets
Jewellery
 l - a +2 ring of strength (left tentacle)
 s - an uncursed ring of protection from cold {unknown}
Wands
 b - a wand of flame (15)
 c - a wand of enslavement (15)
 d - a wand of random effects (14)
 n - a wand of frost (34)
Scrolls
 g - a scroll of teleportation {unknown}
 h - 4 scrolls of identify {unknown}
 j - 4 scrolls of remove curse {unknown}
 k - 2 scrolls of recharging {unknown}
 o - a scroll of random uselessness {unknown}
 r - a scroll of enchant armour {unknown}
Potions
 t - a potion of beneficial mutation {unknown}
Comestibles
 f - 3 bread rations
 q - a slice of pizza


   Skills:
 - Level 1.0 Fighting
 - Level 1.0 Short Blades
 - Level 2.0 Dodging
 + Level 5.8 Stealth
 + Level 5.3 Evocations


You had 4 spell levels left.
You didn't know any spells.

Dungeon Overview and Level Annotations

Branches:
Dungeon (5/15)
 Temple: D:4-7

Altars:

Shops:
D:4 }

Annotations:
D:3 M4edhros's ghost, amateur OpAr


Innate Abilities, Weirdness & Mutations

You cannot wear most types of armour.
You are amphibious.
You can wear up to eight rings at the same time.
You can use your tentacles to constrict eight enemies at once.
Your skin changes colour to match your surroundings (Stealth).
Your rubbery body absorbs attacks (AC +1).


Message History

You hit the scorpion.
You kill the scorpion!
You are too berserk!
* * * LOW HITPOINT WARNING * * *
You feel sick.
You feel a strong urge to attack something.
* * * LOW HITPOINT WARNING * * *
You feel sick.
There is a lethal amount of poison in your body!
There is a lethal amount of poison in your body!
You are too berserk!
You are too berserk!
* * * LOW HITPOINT WARNING * * *
You feel sick.
You feel your anger subside.
You are no longer berserk.
You are exhausted.
You feel yourself slow down.
You are feeling hungry.
You die...

#.....# #.#
##.#### #.#
#.# #.# #+#
#.# #.#
###.# ##...#
####...## +
+.....@.####
#
###........#
#<#..###.#
#.#..?# #
#..###†# #..
.# #.. .#
#.# ## #.


There were no monsters in sight!

Vanquished Creatures
  A scorpion (D:5)
  A hound (D:4)
  A worker ant (D:4)
  4 adders
  2 oozes (D:1)
  2 adder skeletons (D:4)
  4 worms
  2 giant geckos (D:4)
  2 giant cockroaches (D:2)
  3 goblins
  4 hobgoblins
  3 jackals (D:1)
  4 kobolds
  3 ball pythons
  4 bats
  4 giant newts
  5 rats
49 creatures vanquished.

Notes
Turn   | Place    | Note
--------------------------------------------------------------
     0 | D:1      | M4edhros the Octopode Artificer began the quest for the Orb.
     0 | D:1      | Reached XP level 1. HP: 13/13 MP: 3/3
    46 | D:1      | Reached XP level 2. HP: 12/18 MP: 4/4
   399 | D:1      | Reached XP level 3. HP: 6/23 MP: 5/5
   712 | D:2      | Reached skill level 4 in Evocations
  1000 | D:3      | Noticed M4edhros's ghost (amateur OpAr)
  1111 | D:4      | Reached XP level 4. HP: 28/28 MP: 7/7
  1454 | D:4      | Found Sehir's Gadget Shop.
  1593 | D:4      | Reached skill level 5 in Stealth
  1593 | D:4      | Reached XP level 5. HP: 33/33 MP: 8/8
  1692 | D:5      | Entered Level 5 of the Dungeon
  1705 | D:5      | Reached skill level 5 in Evocations
  1784 | D:5      | HP: 2/49 [poisoned by a scorpion]
  1787 | D:5      | Succumbed to a scorpion's poison

Vault maps used:
D:1:      erik_arrival_gehennom
D:2:      kennysheep_six_static_rooms, serial_corexii_hall,
          corexii_hall_statues_l, corexii_hall_statues_x,
          nicolae_qazlal_general_emergency
D:4:      first_bread, serial_shops, nicolae_shop_crystal

Action                   |  1- 3 |  4- 6 || total
-------------------------+-------+-------++-------
Melee: Short sword       |    81 |    36 ||   117
Evoke: Wand              |     1 |       ||     1
  Use: Potion            |       |     2 ||     2
 Stab: Sleeping          |     7 |     4 ||    11
  Eat: Chunk             |       |     3 ||     3
